 Dungeon Crawl Stone Soup version 0.31.0-32-g396128a36d (webtiles) character file.

Game seed: 7056139780922258764

71 TacoSundae the Slasher (level 4, 0/54 HPs)
             Began as a Barachi Berserker on Apr 18, 2024.
             Was a Follower of Trog.
             Succumbed to a water moccasin's poison
             ... on level 3 of the Dungeon.
             The game lasted 00:03:30 (1979 turns).

TacoSundae the Slasher (Barachi Berserker)          Turns: 1979, Time: 00:03:30

Health: 0/54       AC:  2    Str: 18    XL:     4   Next: 24%
Magic:  4/4        EV: 12    Int:  7    God:    Trog [*.....]
Gold:   86         SH:  0    Dex: 14    Spells: 3/3 levels left

rFire   . . .        a - +0 falchion
rCold   . . .        (no shield)
rNeg    . . .        b - +0 animal skin
rPois   .            (no helmet)
rElec   .            (no cloak)
rCorr   .            (no gloves)
SInv    .            (no boots)
Will    .....        (no amulet) Stlth
                     (no ring)
HPRegen 0.29/turn    (no ring)
MPRegen 0.09/turn

%: no passive effects
@: berserking (expiring), lethally poisoned (0 -> -8), quick
A: amphibious, slowness 1, strong legs 1, +LOS
a: Hop, Renounce Religion, Berserk


You were on level 3 of the Dungeon.
You worshipped Trog.
Trog was aware of your devotion.
You visited 1 branch of the dungeon, and saw 3 of its levels.

You collected 86 gold pieces.

Inventory:

Hand Weapons
 a - a +0 falchion (weapon)
Armour
 b - a +0 animal skin (worn)
Scrolls
 c - 2 scrolls of enchant armour {unknown}
 e - 2 scrolls of teleportation {unknown}
 f - 3 scrolls of blinking {unknown}
 h - a scroll of poison {unknown}
 i - 2 scrolls of fog {unknown}
 j - a scroll of revelation {unknown}
Potions
 d - 4 potions of curing {unknown}
 g - a potion of enlightenment {unknown}
 k - a potion of resistance {unknown}
 l - 2 potions of attraction {unknown}
 m - a potion of magic {unknown}
 n - a potion of brilliance {unknown}


   Skills:
 - Level 3.6 Fighting
 * Level 6.0 Long Blades
 - Level 2.4 Armour
 - Level 2.1 Dodging


You had 3 spell levels left.
You didn't know any spells.
Your spell library was empty.

Dungeon Overview and Level Annotations

Branches:
Dungeon (3/15)

Altars:


Innate Abilities, Weirdness & Mutations

You are amphibious.
You cover ground slowly.
You can hop short distances.
You have an extended range of vision and can be seen from far away.


Message History

You are more poisoned.
The water moccasin poisons you!
You slash the water moccasin!
The water moccasin is heavily wounded.
You feel very sick.
The water moccasin completely misses you.
You are too injured to fight recklessly!
You are too injured to fight recklessly!
You are too injured to fight recklessly!
You are too injured to fight recklessly!
You closely miss the water moccasin.
The water moccasin is heavily wounded.
You feel very sick. The water moccasin barely misses you.
You miss the water moccasin.
The water moccasin is heavily wounded.
You feel very sick. The water moccasin bites you!
* * * LOW HITPOINT WARNING * * *
You slash the water moccasin!
The water moccasin is almost dead.
* * * LOW HITPOINT WARNING * * *
You feel very sick. The water moccasin bites you.
* * * LOW HITPOINT WARNING * * *
You miss the water moccasin.
The water moccasin is almost dead.
* * * LOW HITPOINT WARNING * * *
You feel sick. The water moccasin misses you.
You closely miss the water moccasin.
The water moccasin is almost dead.
* * * LOW HITPOINT WARNING * * *
You feel sick. The water moccasin barely misses you.
You miss the water moccasin.
The water moccasin is almost dead.
* * * LOW HITPOINT WARNING * * *
You feel sick. The water moccasin closely misses you.
You miss the water moccasin.
The water moccasin is almost dead.
You die...

# #. #.# ..##
#.####### #
#.......#
#..###.#####.#
#.S@## #.#
##.## #.#
#.#######.##
#..........#
#########..#
#..## ##...##
##.....######
#.>..........


You could see a water moccasin.

Vanquished Creatures
  Terence (D:2)
  An adder (D:2)
  A dart slug (D:1)
  A ribbon worm (D:2)
  2 ball pythons
  2 bats (D:2)
  2 endoplasms (D:1)
  3 giant cockroaches
  A goblin (D:2)
  2 hobgoblins
  3 jackals (D:1)
  2 kobolds
  2 quokkas (D:1)
  3 frilled lizards
  3 rats
29 creatures vanquished.

Notes
Turn   | Place    | Note
-------+----------+-------------------------------------------
     0 | D:1      | TacoSundae the Barachi Berserker began the quest for the
                  | Orb.
     0 | D:1      | Reached XP level 1. HP: 18/18 MP: 1/1
   155 | D:1      | Reached skill level 4 in Long Blades
   446 | D:1      | Reached XP level 2. HP: 24/24 MP: 2/2
   946 | D:2      | Noticed Terence
   961 | D:2      | Killed Terence
   962 | D:2      | Reached skill level 5 in Long Blades
   962 | D:2      | Reached XP level 3. HP: 11/29 MP: 3/3
  1305 | D:2      | Reached XP level 4. HP: 22/36 MP: 4/4
  1470 | D:2      | Reached skill level 6 in Long Blades
  1967 | D:3      | Noticed a water moccasin
  1977 | D:3      | HP: 2/54 [poisoned by a water moccasin]
  1979 | D:3      | Succumbed to a water moccasin's poison

Illustrated notes

Levels and vault maps discovered:
D:1:      minmay_arrival_loop, layout_loops_corners, hex_large,
          ebering_dispersal_statue_hall
D:2:      layout_loops_ring, skrybe_limestone_x, uniq_terence
D:3:      layout_loops_ring, basic_ecumenical_altar, cheibrodos_gnoll_hut

Skill      XL: |  1  2  3  4 |
---------------+-------------+-----
Long Blades    | 4 5 6 |  6.0
Fighting       | |  3.6
Armour         | |  2.4
Dodging        | |  2.1

Action                     |  1- 3 |  4- 6 || total
---------------------------+-------+-------++-------
  Melee: Falchion          |    95 |    39 ||   134
         Punch             |     1 |       ||     1
 Invoke: Berserk           |     2 |     1 ||     3
   Stab: Sleeping          |     1 |     1 ||     2
 Armour: Animal skin       |    45 |    18 ||    63
  Dodge: Dodged            |    78 |    19 ||    97
